 Dungeon Crawl Stone Soup version 0.27.1-33-g824d729ab1 (webtiles) character file.

Game seed: 12629997774763961514

30 comborobin the Twirler (level 3, 0/28 HPs)
             Began as a Palentonga Gladiator on Dec 27, 2021.
             Succumbed to an adder's poison
             ... on level 2 of the Dungeon.
             The game lasted 00:00:58 (625 turns).

comborobin the Twirler (Palentonga Gladiator)        Turns: 625, Time: 00:00:59

Health: 0/28       AC:  5    Str: 17    XL:     3   Next: 5%
Magic:  3/3        EV: 10    Int: 14    God:
Gold:   10         SH:  0    Dex: 12    Spells: 2/2 levels left

rFire    . . .     SeeInvis +   a - +0 quarterstaff
rCold    + . .     Faith    .   (shield currently unavailable)
rNeg     . . .     Spirit   .   b - +0 leather armour
rPois    .         Reflect  .   c - +0 helmet
rElec    .         Harm     .   (no cloak)
rCorr    .         Rampage  .   (no gloves)
Will     .....                  (no barding)
Stlth    +.........             (no amulet)
HPRegen  0.09/turn              f - ring of protection from cold
MPRegen  0.08/turn              g - +6 ring of intelligence

@: lethally poisoned (0 -> -3)
A: large, rugged brown scales 3, see invisible, deformed body, roll 1, armoured
tail
a: Rolling Charge


You were on level 2 of the Dungeon.
You visited 1 branch of the dungeon, and saw 2 of its levels.

You collected 10 gold pieces.

Inventory:

Hand Weapons
 a - a +0 quarterstaff (weapon)
Missiles
 d - 3 throwing nets (quivered)
Armour
 b - a +0 leather armour (worn)
 c - a +0 helmet (worn)
Jewellery
 e - a ring of fire
 f - a ring of protection from cold (left hand)
 g - a +6 ring of intelligence (right hand)


   Skills:
 - Level 2.0 Fighting
 + Level 4.2 Staves
 - Level 1.3 Throwing
 - Level 2.4 Dodging


You had 2 spell levels left.
You didn't know any spells.
Your spell library was empty.

Dungeon Overview and Level Annotations

Branches:
Dungeon (2/15)

Altars:


Innate Abilities, Weirdness & Mutations

You are completely covered in rugged brown scales. (AC +3, +7% HP)
You have supernaturally acute eyesight. (SInv)
Armour fits poorly on your strangely shaped body.
You can roll at nearby foes to attack.
You have a long armoured tail.


Message History

You are poisoned.
The adder poisons you! The adder barely misses you.
You feel sick.
You feel sick. The adder bites you.
You feel sick.
You closely miss the adder.
Your tail-slap misses the adder.
You feel sick.
The adder bites you but does no damage. x2
You miss the adder.
You feel sick. The adder bites you but does no damage.
The adder barely misses you. The adder bites you but does no damage.
You hit the adder but do no damage.
You feel sick.
You are no longer poisoned.
The adder bites you.
You are poisoned.
The adder poisons you! The adder bites you.
The adder bites you but does no damage.
You hit the adder.
The adder is moderately wounded.
* * * LOW HITPOINT WARNING * * *
You feel sick. The adder bites you but does no damage. The adder bites you.
* * * LOW HITPOINT WARNING * * *
You are too injured to fight recklessly!
You sock the adder!
You kill the adder!
* * * LOW HITPOINT WARNING * * *
You feel sick. The adder barely misses you. x2
You have reached level 3!
Your experience leads to an increase in your attributes!
Your base attributes are Str 17, Int 8, Dex 11.
Increase (S)trength, (I)ntelligence, or (D)exterity?
You feel agile.
You aren't carrying any potions.
You aren't carrying any scrolls.
Unknown command.
You aren't carrying any items that you can evoke.
Unknown command.
Okay, then.
* * * LOW HITPOINT WARNING * * *
You feel sick.
You miss the adder.
You die...

##############
######............##########
#...#.........@S†...........
#.#.....#########.#...#####
#...#...# ######.#...##
##.##...####.............
#.##....>..w.....#...##..#
#.....#####.####.#.... ##
#..##.# #.# #.#..... #..##.#
#.# #.##..##.
####..##.#####.####.##..# .#


You could see an adder.

Vanquished Creatures
  An adder (D:2)
  A worm (D:2)
  A ball python (D:2)
  A bat (D:2)
  An endoplasm (D:2)
  3 giant cockroaches
  A goblin (D:2)
  4 hobgoblins
  A kobold (D:1)
  2 rats (D:1)
16 creatures vanquished.

Notes
Turn   | Place    | Note
-------+----------+-------------------------------------------
     0 | D:1      | comborobin the Palentonga Gladiator began the quest for the
                  | Orb.
     0 | D:1      | Reached XP level 1. HP: 17/17 MP: 1/1
   118 | D:2      | Reached XP level 2. HP: 23/23 MP: 2/2
   387 | D:2      | Reached skill level 4 in Staves
   623 | D:2      | HP: 1/23 [poisoned by an adder]
   624 | D:2      | Reached XP level 3. HP: 2/28 MP: 3/3
   625 | D:2      | Succumbed to an adder's poison

Illustrated notes

Levels and vault maps discovered:
D:1:      lemuel_arrival_behind_the_door_large, layout_rooms,
          shapermc_ecumenical_altar_pompeii
D:2:      layout_loops_ring, basic_altar, corexii_item_surrounded_by_moat

Skill      XL: |  1  2 |
---------------+-------+-----
Staves         | 4 |  4.2
Fighting       | |  2.0
Throwing       | |  1.3
Dodging        | |  2.4

Action                   || total
-------------------------++-------
Melee: Quarterstaff      ||    40
       Tailslap          ||     3
  Use: Potion            ||     1
Armor: Leather armour    ||    23
Dodge: Dodged            ||    22
